 Dungeon Crawl Stone Soup version 0.21-a0-349-g0c35859 (webtiles) character file.

65 lolnoob the Skirmisher (level 3, 0/30 HPs)
             Began as a Demonspawn Abyssal Knight on Oct 8, 2017.
             Was a Believer of Lugonu.
             Slain by an adder (2 damage)
             ... on level 2 of the Dungeon.
             The game lasted 00:04:23 (1346 turns).

lolnoob the Skirmisher (Demonspawn Abyssal Knight)  Turns: 1346, Time: 00:04:24

Health: 0/30       AC:  4    Str: 13    XL:     3   Next: 94%
Magic:  5/5        EV: 11    Int: 13    God:    Lugonu [**....]
Gold:   88         SH:  0    Dex: 12    Spells: 2/2 levels left

rFire    + . .     SeeInvis .   a - +1 spear
rCold    + . .     Gourm    .   (no shield)
rNeg     . . .     Faith    .   b - +0 leather armour
rPois    +         Spirit   .   (no helmet)
rElec    +         Reflect  .   (no cloak)
rCorr    +         Harm     .   j - +0 pair of gloves
MR       .....                  (no boots)
Stlth    ++........             (no amulet)
HPRegen  0.10/turn              (no ring)
MPRegen  0.09/turn              (no ring)

@: lethally poisoned (0 -> -3), resistant, very slightly contaminated, invisible
A: nightstalker 1
a: Depart the Abyss, Bend Space, Renounce Religion


You were on level 2 of the Dungeon.
You worshipped Lugonu.
Lugonu was pleased with you.
You were hungry.

You visited 1 branch of the dungeon, and saw 2 of its levels.
You visited the Abyss 1 time.

You collected 88 gold pieces.

Inventory:

Hand Weapons
 a - a +1 spear (weapon)
 i - a +2 short sword of flaming
Armour
 b - a +0 leather armour (worn)
 j - a +0 pair of gloves (worn)
Jewellery
 e - an uncursed ring of wizardry
Scrolls
 d - a scroll of fog {unknown}
 h - a scroll of teleportation
 l - a scroll of remove curse {unknown}
 n - a scroll of enchant armour {unknown}
Potions
 k - a potion of might
Comestibles
 c - 3 bread rations
 m - a royal jelly


   Skills:
 + Level 3.7 Fighting
 * Level 2.7 Polearms
 + Level 2.1 Armour
 + Level 1.0 Dodging
 * Level 3.1 Invocations


You had 2 spell levels left.
You didn't know any spells.

Dungeon Overview and Level Annotations

Branches:
Dungeon (2/15)

Altars:


Innate Abilities, Weirdness & Mutations

You are slightly more attuned to the shadows.


Message History

* * * LOW HITPOINT WARNING * * *
You feel sick. The adder closely misses you.
You completely miss the adder. The adder barely misses you.
You closely miss the adder. The adder closely misses you.
You hit the adder.
The adder is lightly wounded.
* * * LOW HITPOINT WARNING * * *
You feel sick. The adder barely misses you. The adder closely misses you.
You hit the adder but do no damage.
The adder is lightly wounded.
The adder barely misses you.
You hit the adder.
The adder is heavily wounded.
The adder hisses angrily.
The adder barely misses you.
You barely miss the adder.
The adder is heavily wounded.
* * * LOW HITPOINT WARNING * * *
You feel sick. The adder bites you.
You die...

#.. #.#.......#. ..
..#......(#. ....#
###.##.##.## #...#
#.#..##.# #...#
#.#.###.# #...#
##.#.###.#
#####...#####........#
......)......÷...##.##
......@..$.....#%##.#
.......S.........##.#
###.#.).[####.#..##.#
# #....# #....$..#
#...)†..# ###..####
#..##...# .... #..#
.##.. .# #.# 8 #.. ..
. #..


You could see an adder.

Vanquished Creatures
  An adder (D:2)
  3 oozes (D:1)
  3 giant cockroaches (D:1)
  3 hobgoblins (D:1)
  8 jackals (D:1)
  6 kobolds
  A ball python (D:1)
  4 bats
  5 frilled lizards (D:1)
  5 goblins
  4 rats
43 creatures vanquished.

Notes
Turn   | Place    | Note
-------+----------+-------------------------------------------
     0 | Abyss:1  | lolnoob the Demonspawn Abyssal Knight began the quest for the Orb.
     0 | Abyss:1  | Reached XP level 1. HP: 18/18 MP: 2/2
    42 | D:1      | Escaped the Abyss
   167 | D:1      | Gained mutation: You are slightly more attuned to the shadows. [demonic ancestry]
   167 | D:1      | Reached XP level 2. HP: 17/24 MP: 3/3
   477 | D:1      | Reached XP level 3. HP: 24/29 MP: 3/5
   761 | D:1      | Reached ** piety under Lugonu
  1329 | D:2      | Reached skill level 1 in Dodging
  1346 | D:2      | Slain by an adder

Vault maps used:
D:1:      erik_arrival_gehennom, st_stairs_14
D:2:      nicolae_gozag_seed_capital, minmay_heptomino_w4

Skill      XL: |  1  2  3 |
---------------+----------+-----
Polearms       | 2 |  2.7
Armour         | 2 |  2.1
Invocations    | 3 |  3.1
Dodging        | 1 |  1.0
Fighting       | |  3.7

Action                   || total
-------------------------++-------
Melee: Spear             ||   161
  Use: Scroll            ||     5
       Potion            ||     2
 Stab: Sleeping          ||     6
  Eat: Chunk             ||     1
Armor: Leather armour    ||    28
Dodge: Dodged            ||    89

Table legend:
 A = Spawn XP
 B = Non-spawn XP
 C = Spawn XP percentage of total XP
 D = Spawn monster count
 E = Non-spawn monster count
 F = Spawn count percentage of total count
 G = Total turns spent on level
                    A         B        C        D         E        F      G
               +---------+---------+-------+---------+---------+-------+---------
         Total |       0 |      94 |   0.0 |       0 |      43 |   0.0 |  1346
               +---------+---------+-------+---------+---------+-------+---------
           D:1 |       0 |      73 |   0.0 |       0 |      36 |   0.0 |  1160
           D:2 |       0 |      21 |   0.0 |       0 |       7 |   0.0 |   144
               +---------+---------+-------+---------+---------+-------+---------
